 Dungeon Crawl Stone Soup version 0.19.1 (console) character file.

770 Morrissey the Gusty (level 7, 0/36 HPs)
             Began as a Tengu Air Elementalist on Dec 22, 2016.
             Slain by Grinder (9 damage)
             ... while paralysed by Grinder
             ... on level 5 of the Dungeon.
             The game lasted 00:16:38 (5066 turns).

Morrissey the Gusty (Tengu Air Elementalist)        Turns: 5066, Time: 00:16:39

Health: 0/36       AC:  3    Str:  8    XL:     7   Next: 83%
Magic:  11/11      EV:  2    Int: 17    God:
Gold:   317        SH:  0    Dex: 15    Spells: 3 memorised, 3 levels left

rFire  . . .     SeeInvis .       - Unarmed
rCold  . . .     Gourm    .     a - +0 robe
rNeg   . . .     Faith    .     (no shield)
rPois  .         Spirit   .     (helmet restricted)
rElec  .         Reflect  .     l - +0 cloak
rCorr  .         Harm     .     (no gloves)
MR     .....                    (boots unavailable)
Stlth  +++.......               (no amulet)
                                (no ring)
                                p - ring of stealth

@: paralysed
A: beak, talons 3, able to fly 1
a: Fly


You were on level 5 of the Dungeon.
You were very hungry.

You visited 1 branch of the dungeon, and saw 5 of its levels.

You collected 317 gold pieces.

Inventory:

Armour
 a - a +0 robe (worn)
 l - a +0 cloak (worn)
 v - the cursed +1 leather armour "Gehitelu" {rN++ MR- MP+9 Int-4, unknown}
   (You found it on level 4 of the Dungeon)

   It affects your intelligence (-4).
   It greatly protects you from negative energy.
   It affects your resistance to hostile enchantments.
   It affects your magic capacity (+9).
   It has a curse placed upon it.
Jewellery
 j - an uncursed ring of ice
 p - a ring of stealth (left hand)
Scrolls
 e - 3 scrolls of remove curse {unknown}
 i - 2 scrolls of enchant armour {unknown}
 n - a scroll of blinking {unknown}
 t - a scroll of identify {unknown}
 u - 4 scrolls of magic mapping {unknown}
Potions
 d - 3 potions of agility {unknown}
 f - 3 potions of lignification {unknown}
 g - 2 potions of flight {unknown}
 k - a potion of mutation {unknown}
 m - a potion of heal wounds {unknown}
 q - 2 potions of curing {unknown}
 r - a potion of haste {unknown}
 s - a potion of cancellation {unknown}
 w - a potion of brilliance {unknown}
Books
 b - a book of Air

   Spells                             Type                      Level
   a - Shock                          Conjuration/Air              1
   b - Swiftness                      Charms/Air                   2
   c - Repel Missiles                 Charms/Air                   2
   d - Static Discharge               Conjuration/Air              3
   e - Lightning Bolt                 Conjuration/Air              5
Comestibles
 c - 2 bread rations
 h - a beef jerky
 o - 2 meat rations


   Skills:
 - Level 2.1 Dodging
 - Level 2.0 Stealth
 + Level 4.0 Unarmed Combat
 - Level 2.5 Spellcasting
 * Level 6.8 Conjurations
 * Level 7.7 Air Magic


You had 3 spell levels left.
You knew the following spells:

 Your Spells              Type           Power        Failure   Level  Hunger
a - Shock                 Conj/Air       ####         1%          1    #......
b - Lightning Bolt        Conj/Air       ####......   30%         5    ######.
c - Swiftness             Chrm/Air       ###.....     6%          2    ##.....


Dungeon Overview and Level Annotations

Branches:
Dungeon (5/15)
 Temple: D:4-7

Altars:
Ashenzari
Gozag
Makhleb
Sif Muna

Annotations:
D:3 Faustar's ghost, amateur VSTm
D:5 Grinder


Innate Abilities, Weirdness & Mutations

You have a beak for a mouth.
You have claws for feet.
You can fly.


Message History

You now have 317 gold pieces (gained 10).
u - 4 scrolls labeled EZI WEFEFAOGA (gained 1)
Found an escape hatch in the ceiling.
Grinder comes into view.
Found a viscous silvery potion.
Press: ? - help, . - travel You can't see that place.
Grinder gestures at you.
You suddenly lose the ability to move!
Found a pink potion.
Grinder hits you. Grinder hits you!
You writhe in agony.
Grinder says, "Mostly I couldn't keep them alive."
Grinder blinks!
You are feeling very hungry.
Grinder hits you.
* * * LOW HITPOINT WARNING * * *
You writhe in agony.
* * * LOW HITPOINT WARNING * * *
Grinder hits you!
You die...

.. #.##
...############
###............#
!..............#
#....5......####
#..@.........<#
#.........)####
######.###.# #.#
#.## #!# #..#
###.# ##.# ....#
#.## ...
#..####..# .#
#......#.##


You could see Grinder.

Vanquished Creatures
  A water moccasin (D:5)
  2 ogres (D:4)
  2 scorpions
  A crimson imp (D:4)
  An orc priest (D:4)
  A gnoll shaman (D:4)
  2 orc wizards (D:4)
  A worker ant (D:4)
  A hound zombie (D:4)
  2 hound skeletons (D:4)
  A worker ant zombie (D:4)
  6 adders
  3 gnolls (D:4)
  A shadow imp (D:5)
  An ooze (D:1)
  2 worms
  3 dart slugs
  2 leopard geckos (D:1)
  8 orcs (D:4)
  4 bats
  6 giant cockroaches
  5 goblins
  9 hobgoblins
  2 jackals (D:2)
  3 quokkas
  3 frilled lizards
  3 kobolds
  5 rats
81 creatures vanquished.

Notes
Turn   | Place    | Note
-------+----------+-------------------------------------------
     0 | D:1      | Morrissey the Tengu Air Elementalist began the quest for the Orb.
     0 | D:1      | Reached XP level 1. HP: 10/10 MP: 4/4
   377 | D:1      | Reached XP level 2. HP: 15/15 MP: 4/6
   593 | D:1      | Reached XP level 3. HP: 18/19 MP: 2/7
  1513 | D:2      | Reached skill level 1 in Unarmed Combat
  1667 | D:2      | Reached XP level 4. HP: 19/24 MP: 0/8
  2487 | D:3      | Noticed Faustar's ghost (amateur VSTm)
  2535 | D:3      | Found a shattered altar of Ashenzari.
  2535 | D:3      | Found an opulent altar of Gozag.
  2618 | D:3      | Found a deep blue altar of Sif Muna.
  2630 | D:3      | Reached skill level 5 in Air Magic
  2822 | D:4      | Gained mutation: You can fly. [Tengu growth]
  2822 | D:4      | Reached XP level 5. HP: 20/28 MP: 1/9
  2899 | D:4      | Learned a level 5 spell: Lightning Bolt
  2902 | D:4      | Learned a level 2 spell: Swiftness
  3380 | D:4      | Reached skill level 6 in Air Magic
  3380 | D:4      | Reached XP level 6. HP: 32/32 MP: 4/10
  3480 | D:4      | Reached skill level 5 in Conjurations
  3961 | D:4      | Reached XP level 7. HP: 36/36 MP: 6/11
  4143 | D:4      | Got a jewelled leather armour
  4181 | D:4      | Found a burning altar of Makhleb.
  4185 | D:4      | Reached skill level 7 in Air Magic
  4693 | D:5      | Entered Level 5 of the Dungeon
  5055 | D:5      | Noticed Grinder
  5061 | D:5      | Paralysed by Grinder for 7 turns
  5066 | D:5      | Slain by Grinder

Skill      XL: |  1  2  3  4  5  6  7 |
---------------+----------------------+-----
Conjurations   | 2 3 4 5 6 |  6.8
Unarmed Combat | 1 2 3 4 |  4.0
Air Magic      | 5 6 7 |  7.7
Dodging        | |  2.1
Stealth        | |  2.0
Spellcasting   | |  2.5

Action                   |  1- 3 |  4- 6 |  7- 9 || total
-------------------------+-------+-------+-------++-------
Melee: Unarmed           |    32 |    33 |    18 ||    83
       Kick              |     3 |     7 |     8 ||    18
       Peck              |     3 |     4 |     3 ||    10
 Cast: Shock             |    69 |    65 |    35 ||   169
       Lightning Bolt    |       |       |     1 ||     1
 Abil: Fly               |       |       |     1 ||     1
  Use: Scroll            |       |       |     1 ||     1
 Stab: Sleeping          |     1 |     1 |     2 ||     4
  Eat: Chunk             |     3 |     8 |     3 ||    14
Armor: Robe              |    11 |     8 |     4 ||    23
Dodge: Dodged            |    18 |    31 |     8 ||    57
